 Dungeon Crawl Stone Soup version 0.30-a0-358-g0d69a1922f (webtiles) character file.

Game seed: 15294968558612515497

3742 retardedninja the Cleaver (level 10, -2/78 (91) HPs)
             Began as a Hill Orc Fighter on Nov 10, 2022.
             Was an Initiate of Gozag.
             Shot with an arrow by a centaur warrior (9 damage)
             ... on level 8 of the Dungeon.
             The game lasted 00:12:06 (9090 turns).

retardedninja the Cleaver (Hill Orc Fighter)        Turns: 9090, Time: 00:12:07

HP:   -2/78 (91)    AC: 17    Str: 24    XL:     10   Next: 15%
MP:   10/10         EV:  7    Int:  8    God:    Gozag
Gold: 469           SH:  5    Dex: 10    Spells: 9/9 levels left

rFire   . . .      SeeInvis +    i - +9 war axe of Ykigekov {vorpal, rPois}
rCold   . . .      Faith    .    c - +0 buckler
rNeg    . . .      Spirit   .    k - +1 plate armour
rPois   +          Reflect  .    u - +0 helmet
rElec   .          Harm     .    (no cloak)
rCorr   +          Rampage  .    g - +0 pair of gloves
Will    .....                    (no boots)
Stlth   ..........               (no amulet)
HPRegen 0.33/turn                h - ring of see invisible
MPRegen 0.12/turn                j - ring of resist corrosion

@: heavily drained
A: no striking features
a: Renounce Religion, Potion Petition, Call Merchant, Bribe Branch


You were on level 8 of the Dungeon.
You worshipped Gozag.
Gozag was aware of your devotion.
You visited 1 branch of the dungeon, and saw 8 of its levels.
You also visited: Sewer.

You collected 911 gold pieces.
You spent 351 gold pieces at shops.
You paid 91 gold pieces to Gozag.

Inventory:

Hand Weapons
 i - the +9 war axe of Ykigekov (weapon) {vorpal, rPois}
   (You bought it in a shop on level 2 of the Dungeon)

   It inflicts extra damage upon your enemies.
   rPois:     It protects you from poison.
Armour
 c - a +0 buckler (worn)
 g - a +0 pair of gloves (worn)
 k - a +1 plate armour (worn)
 u - a +0 helmet (worn)
Jewellery
 h - a ring of see invisible (left hand)
 j - a ring of resist corrosion (right hand)
 m - a ring of magical power
Wands
 y - a wand of digging (4)
 A - a wand of flame (25)
Scrolls
 e - 3 scrolls of amnesia
 f - a scroll of immolation
 l - a scroll of identify
 o - 2 scrolls of enchant weapon
 p - 2 scrolls of poison
 q - 3 scrolls of teleportation
 r - a scroll of fear
 x - a scroll of magic mapping
Potions
 b - 2 potions of invisibility
 d - 2 potions of mutation
 n - 2 potions of resistance {unknown}
 s - 2 potions of lignification {unknown}
 t - 2 potions of curing
 v - a potion of degeneration {unknown}
 w - a potion of flight
 z - a potion of brilliance {unknown}


   Skills:
 + Level 9.3 Fighting
 + Level 9.7 Axes
 + Level 8.5 Armour
 + Level 8.5 Shields


You had 9 spell levels left.
You didn't know any spells.
Your spell library contained the following spells:

 Spells                   Type           Power      Damage    Failure   Level
 Sting                    Tmut/Pois      0%         1d3       100%        1
 Poisonous Vapours        Pois/Air       0%         N/A       100%        2
 Olgreb's Toxic Radiance  Pois           0%         N/A       100%        4
 Ignition                 Fire           0%         3d3       100%        8


Dungeon Overview and Level Annotations

Branches:
Dungeon (8/15)             Temple (0/1) D:5           Sewer (visited)
   Lair: D:8-11

Altars:
Ashenzari
Cheibriados
Dithmenos
Gozag
Zin

Shops:
D:2 ?(*(   D:3 *

Annotations:
D:8 1 runed translucent door


Message History

The unseen horror hits you.
You slice the unseen horror!!
You kill the unseen horror!
No target in view!
No target in view!
No target in view!
No target in view!
No target in view!
No target in view!
No target in view!
No target in view!
No target in view!
No target in view!
You now have 469 gold pieces (gained 3).
A troll comes into view.
The troll shouts!
A centaur warrior comes into view.
There are monsters nearby!
There are monsters nearby!
The centaur warrior shouts!
A catoblepas comes into view.
The catoblepas bellows!
The centaur warrior wields a +1 shortbow of draining.
You sense an unholy aura.
The centaur warrior shoots an arrow.
The arrow completely misses you.
The centaur warrior shoots an arrow.
The arrow hits you!!
You feel drained.
The centaur warrior shoots an arrow.
The arrow hits you!
You feel drained.
An orc wizard comes into view. It is wielding a +0 dagger.
The centaur warrior shoots an arrow.
The arrow hits you but does no damage.
You feel drained.
The centaur warrior shoots an arrow.
The arrow hits you!
You feel drained.
The centaur warrior shoots an arrow.
The arrow hits you!
You feel drained.
The centaur warrior shoots an arrow.
The arrow hits you!
* * * LOW HITPOINT WARNING * * *
You feel drained.
* * * LOW HITPOINT WARNING * * *
The centaur warrior shoots an arrow.
You block the arrow.
The centaur warrior shoots an arrow.
The arrow hits you!
You die...
Your body crumbles into a pile of gold.

.#.##.......# ..
#.# .#.##.#######
..# +#<##'### ...
........# #.#
........# #.#
........# #.#
........# #.#
........##### #.#
..###.......# #@#
.. ##......# #.# .
. ##.....####.# .
##.........# .#
##.....Y..# .#
##...o..c###.#####
##...............
##..####..######
##..###.##


You could see a centaur warrior.

Vanquished Creatures
  An unseen horror (D:8)
  4 yaks
  Grum (D:8)
  Menkaure (D:7)
  Edmund (D:6)
  2 black bears
  2 sky beasts
  An orc warrior (D:7)
  An ice beast (D:7)
  An ogre (D:5)
  2 wolves (D:8)
  A centaur (D:7)
  2 phantoms (D:5)
  4 bullfrogs
  2 necrophages (D:4)
  3 scorpions
  2 howler monkeys (D:8)
  5 jellies
  An orc priest (D:7)
  A gnoll bouda (D:8)
  4 iguanas
  7 orc wizards
  11 adders
  14 gnolls
  A white imp (D:6)
  A worm (D:6)
  6 dart slugs
  25 orcs
  7 bats
  7 endoplasms
  14 giant cockroaches
  6 goblins
  7 hobgoblins
  8 quokkas
  6 ball pythons
  10 frilled lizards
  9 kobolds
  4 rats
185 creatures vanquished.

Vanquished Creatures (others)
  2 fungi
  4 plants (D:3)
  4 toadstools (D:1)
10 creatures vanquished.

Grand Total: 195 creatures vanquished

Notes
Turn   | Place    | Note
-------+----------+-------------------------------------------
     0 | D:1      | retardedninja the Hill Orc Fighter began the quest for the
                  | Orb.
     0 | D:1      | Reached XP level 1. HP: 19/19 MP: 1/1
   171 | D:1      | Reached XP level 2. HP: 27/27 MP: 2/2
   576 | D:1      | Reached XP level 3. HP: 33/33 MP: 3/3
   943 | D:2      | Found Vaysyaq's Antique Weapon Boutique.
   950 | D:2      | Found Jeovas's Antique Weapon Shop.
   967 | D:2      | Found Javyah's General Store.
  1335 | D:2      | Reached XP level 4. HP: 26/40 MP: 4/4
  1930 | D:2      | Found Jeboesm's Magic Scroll Shoppe.
  2234 | D:2      | Identified a scroll of acquirement
  2234 | D:2      | Acquired a +5 vorpal war axe
  2304 | D:3      | Found a snail-covered altar of Cheibriados.
  2484 | D:3      | Found a faded altar of an unknown god.
  2549 | D:3      | Found a glowing silver altar of Zin.
  2550 | D:3      | Found Zin's Purification Station.
  2560 | D:3      | Reached XP level 5. HP: 33/47 MP: 5/5
  3393 | D:3      | Reached skill level 5 in Fighting
  3395 | D:3      | Reached XP level 6. HP: 14/56 MP: 6/6
  4421 | D:2      | Bought a dazzling war axe for 170 gold pieces
  4421 | D:2      | Identified the +9 war axe of Ykigekov {vorpal, rPois} (You
                  | bought it in a shop on level 2 of the Dungeon)
  4546 | D:4      | Reached skill level 5 in Axes
  4547 | D:4      | Reached skill level 5 in Shields
  4554 | D:4      | Reached skill level 5 in Armour
  4554 | D:4      | Reached XP level 7. HP: 48/60 MP: 7/7
  4560 | D:4      | Found an opulent altar of Gozag.
  5032 | D:5      | Entered Level 5 of the Dungeon
  5086 | D:5      | Noticed a yak
  5086 | D:5      | Noticed a yak
  5087 | D:5      | Noticed a yak
  5091 | D:5      | Found a staircase to the Ecumenical Temple.
  5094 | D:5      | Noticed a yak
  5101 | D:4      | Killed a yak
  5428 | D:4      | Killed a yak
  5429 | D:4      | Reached XP level 8. HP: 30/71 MP: 8/8
  5765 | D:5      | Killed a yak
  5766 | D:5      | Killed a yak
  6031 | D:4      | Became a worshipper of Gozag Ym Sagoz the Greedy
  6168 | D:5      | Found a broken altar of Ashenzari.
  6266 | D:5      | Found a shadowy altar of Dithmenos.
  6315 | D:5      | Reached XP level 9. HP: 76/79 MP: 9/9
  6450 | D:6      | Found a glowing drain.
  6474 | Sewer    | Entered a sewer
  6959 | D:6      | Got the Quarto of Igneous Blight
  7100 | D:6      | Noticed Edmund
  7109 | D:6      | Killed Edmund
  7470 | D:2      | Bought a scroll of teleportation for 33 gold pieces
  7470 | D:2      | Bought a scroll of enchant armour for 82 gold pieces
  7470 | D:2      | Bought a scroll of teleportation for 33 gold pieces
  7470 | D:2      | Bought a scroll of teleportation for 33 gold pieces
  8505 | D:7      | Noticed Menkaure
  8512 | D:7      | Killed Menkaure
  8898 | D:8      | Noticed Grum
  8906 | D:8      | Reached XP level 10. HP: 75/91 MP: 10/10
  8913 | D:8      | Killed Grum
  9029 | D:8      | Found a runed translucent gate.
  9041 | D:8      | Noticed an unseen horror
  9050 | D:8      | Killed an unseen horror
  9077 | D:8      | Noticed a centaur warrior
  9079 | D:8      | Noticed a catoblepas
  9090 | D:8      | Shot with an arrow by a centaur warrior

Illustrated notes

Levels and vault maps discovered:
D:1:      dpeg_arrival_erosion, layout_basic, minmay_gold_behind_fungi
D:2:      layout_loops_ring, serial_shops, shop, shop, shop_statue,
          nicolae_shop_trees
D:3:      layout_basic, kennysheep_slug_shrine, zin_purify,
          shapermc_ecumenical_altar_hornbeckon, grunt_ministairs_7
D:4:      layout_rooms, grunt_gozag_statues
D:5:      layout_rooms, grunt_dithmenos_shadows, cheibrodos_ashenzari_chains,
          minmay_temple_entry_purple_smoke
D:6:      layout_loops_cross, cheibrodos_sewer_entry_sluice,
          minmay_crystal_room, moated_statue, uniq_edmund
D:7:      layout_basic, uniq_menkaure
D:8:      layout_basic, special_room [special_room_kobold], gammafunk_ghost_icy,
          minmay_manual_mandibuliform, uniq_grum

Skill      XL: |  1  2  3  4  5  6  7  8  9 |
---------------+----------------------------+-----
Axes           | 3 4 5 6 7 9 |  9.7
Fighting       | 4 5 6 7 9 |  9.3
Shields        | 4 5 6 8 |  8.5
Armour         | 4 5 6 8 |  8.5

Action                   |  1- 3 |  4- 6 |  7- 9 | 10-12 || total
-------------------------+-------+-------+-------+-------++-------
Melee: War axe           |   105 |   154 |   200 |    13 ||   472
  Use: Scroll            |       |     7 |     8 |       ||    15
       Potion            |       |     3 |     2 |       ||     5
Armor: Scale mail        |    44 |       |       |       ||    44
       Plate armour      |    25 |    99 |   133 |    12 ||   269
Dodge: Dodged            |    45 |    52 |    57 |     8 ||   162
Block: Buckler           |    19 |    46 |    54 |     6 ||   125

Table legend: (Time is in decaauts)
 A = Elapsed time spent in this place.
 B = Non-inter-level travel time spent in this place.
 C = Inter-level travel time spent in this place.
 D = Time resting spent in this place.
 E = Time spent auto-exploring this place.
 F = Levels seen in this place.
 G = Mean time per level.
                   A        B        C        D        E       F      G
               +--------+--------+--------+--------+--------+-----+--------+
         Total |   9284 |   8770 |    514 |   2561 |   4939 |   9 | 1031.6 |
       Dungeon |   8956 |   8442 |    514 |   2561 |   4777 |   8 | 1119.5 |
         Sewer |    328 |    328 |      0 |      0 |    162 |   1 |  328.0 |
               +--------+--------+--------+--------+--------+-----+--------+

Top non-repeatable levels by time:
     D:3: 2260 daAuts
     D:2: 1455 daAuts
     D:4: 1323 daAuts
     D:7: 1271 daAuts
     D:1: 955 daAuts
     D:5: 727 daAuts
     D:6: 701 daAuts
   Sewer: 328 daAuts
     D:8: 260 daAuts
